 Dungeon Crawl Stone Soup version 0.29-a0-993-g4a18f31a58 (webtiles) character file.

Game seed: 8107409582144026534

657 flotson the Trooper (level 7, -11/55 HPs)
             Began as a Demonspawn Delver on Aug 2, 2022.
             Mangled by an ogre
             ... wielding a +0 giant spiked club
              (26 damage)
             ... on level 5 of the Dungeon.
             The game lasted 00:08:00 (4213 turns).

flotson the Trooper (Demonspawn Delver)             Turns: 4213, Time: 00:08:00

Health: -11/55     AC: 10    Str: 21    XL:     7   Next: 29%
Magic:  7/7        EV:  9    Int: 11    God:
Gold:   41         SH:  0    Dex: 14    Spells: 6/6 levels left

rFire   . . .      SeeInvis .   a - +2 war axe (elec)
rCold   . . .      Faith    .   (no shield)
rNeg    . . .      Spirit   .   d - +0 chain mail
rPois   .          Reflect  .   (no helmet)
rElec   .          Harm     .   (no cloak)
rCorr   .          Rampage  .   (no gloves)
Will    .....                   (no boots)
Stlth   ..........              z - amulet of the acrobat
HPRegen 0.18/turn               f - +4 ring of slaying
MPRegen 0.10/turn               p - +6 ring of strength

@: no status effects
A: powered by death 1, sharp scales 1
a: no special abilities


You were on level 5 of the Dungeon.
You visited 1 branch of the dungeon, and saw 5 of its levels.

You collected 177 gold pieces.
You spent 136 gold pieces at shops.

Inventory:

Hand Weapons
 a - a +2 war axe of electrocution (weapon)
Missiles
 n - 14 poisoned darts (quivered)
 v - 6 javelins
Armour
 d - a +0 chain mail (worn)
Jewellery
 f - a +4 ring of slaying (left hand)
 p - a +6 ring of strength (right hand)
 z - an amulet of the acrobat (around neck)
 A - a ring of resist corrosion
Wands
 g - a wand of digging (3)
 o - a wand of mindburst (11)
 E - a wand of iceblast (8)
Scrolls
 c - 2 scrolls of fog
 h - a scroll of enchant armour {unknown}
 m - a scroll of silence {unknown}
 r - a scroll of amnesia {unknown}
 s - 5 scrolls of identify
 u - a scroll of vulnerability {unknown}
 x - 2 scrolls of teleportation
 y - 2 scrolls of enchant weapon {unknown}
 D - a scroll of summoning
 G - a scroll of poison {unknown}
Potions
 b - 3 potions of might {unknown}
 j - a potion of berserk rage {unknown}
 k - a potion of lignification {unknown}
 l - 4 potions of curing {unknown}
 q - a potion of mutation {unknown}
 w - a potion of heal wounds {unknown}
 B - a potion of attraction {unknown}
 C - 3 potions of flight {unknown}
 F - 2 potions of resistance {unknown}
 H - a potion of invisibility {unknown}


   Skills:
 + Level 4.7 Fighting
 + Level 0.8(1.4) Axes
 - Level 1.7(1.9) Polearms
 + Level 2.3 Throwing
 + Level 3.0 Armour
 + Level 3.6 Dodging
 - Level 4.5 Stealth
 + Level 3.3 Evocations


You had 6 spell levels left.
You didn't know any spells.
Your spell library contained the following spells:

 Spells                   Type           Power      Damage    Failure   Level
 Apportation              Tloc           0%         N/A       98%         1
 Foxfire                  Conj/Fire      0%         2x1d4     98%         1
 Magic Dart               Conj           0%         1d3       98%         1
 Necrotise                Necr           0%         1d4       98%         1
 Summon Small Mammal      Summ           0%         N/A       98%         1
 Searing Ray              Conj           0%         2d4       99%         2
 Gell's Gravitas          Tloc           0%         N/A       100%        3
 Lesser Beckoning         Tloc           0%         N/A       100%        3
 Teleport Other           Tloc           0%         N/A       100%        3
 Fulminant Prism          Conj/Hex       0%         3d6       100%        4
 Alistair's Intoxication  Tmut/Pois      0%         N/A       100%        5


Dungeon Overview and Level Annotations

Branches:
Dungeon (5/15)
 Temple: D:4-7

Altars:
Kikubaaqudgha
Nemelex Xobeh
Ru
Wu Jian

Shops:
D:2 :   D:3 !?[*?


Innate Abilities, Weirdness & Mutations

You regenerate a little health from kills.
You are partially covered in razor-sharp scales. (AC +1, Slay +1)


Message History

No target in view!
No target in view!
No target in view!
No target in view!
No target in view!
HP restored.
You see here a scorpion corpse.
Found a scroll of teleportation.
The ogre shouts!
You see here 12 gold pieces.
The ogre completely misses you.
You completely miss the ogre. The ogre barely misses you.
You completely miss the ogre. The ogre closely misses you.
You hit the ogre.
The ogre is lightly wounded.
You barely miss the ogre.
The ogre is lightly wounded.
The ogre hits you with a +0 giant spiked club!
You barely miss the ogre.
The ogre is lightly wounded.
The ogre hits you with a +0 giant spiked club!
You slash the ogre!
The ogre is heavily wounded.
The ogre hits you with a +0 giant spiked club!
You are too injured to fight recklessly!
You are too injured to fight recklessly!
You are too injured to fight recklessly!
You are too injured to fight recklessly!
You are too injured to fight recklessly!
You are too injured to fight recklessly!
You are too injured to fight recklessly!
You are too injured to fight recklessly!
You hit the ogre.
The ogre is heavily wounded.
The ogre hits you with a +0 giant spiked club.
* * * LOW HITPOINT WARNING * * *
You barely miss the ogre.
The ogre is heavily wounded.
The ogre hits you with a +0 giant spiked club!!
You die...

..,+,* ##+## #.#........#*,
..,*** #...# #.######.###*, ..,*
#...# ##.######.# *,
.###########...## #.........* *,
.+...†.......#..# ##.#######* *,
..#####...##.##$# #.#######**###
...# #...##.##.## #......(.,,...
...# #...##.##..###.#########...
#..# ######.###@................
#..# #.# #O.##.########.†..
#..##### #.# #..##.# #####....
#......# #.# #...#.# #........
#......# *,* #?#.#.# #.......O
.......# *.###.#[..# #........
.......### *.........# #........
.........#######.....# #........
...............#####>####.....###


You could see an ogre.

Vanquished Creatures
  An ogre (D:5)
  2 scorpions
  A hound (D:5)
  A jelly (D:4)
  3 orc priests
  3 iguanas
  4 orc wizards
  3 gnolls (D:4)
  3 adders (D:3)
  A worm (D:4)
  A dart slug (D:5)
  8 orcs
  4 ball pythons
  7 bats
  5 endoplasms
  3 giant cockroaches
  9 goblins
  5 hobgoblins (D:1)
  3 quokkas
  2 frilled lizards
  9 kobolds
  6 rats
84 creatures vanquished.

Vanquished Creatures (others)
  2 fungi (D:3)
  2 plants (D:3)
4 creatures vanquished.

Grand Total: 88 creatures vanquished

Notes
Turn   | Place    | Note
-------+----------+-------------------------------------------
     0 | D:5      | flotson the Demonspawn Delver began the quest for the Orb.
     0 | D:5      | Reached XP level 1. HP: 18/18 MP: 1/1
    15 | D:5      | Noticed a hound
    77 | D:5      | Noticed an iguana
    95 | D:5      | Killed an iguana
    96 | D:5      | Reached skill level 1 in Armour
    96 | D:5      | Reached skill level 1 in Evocations
    96 | D:5      | Gained mutation: You are partially covered in razor-sharp
                  | scales. (AC +1, Slay +1) [demonic ancestry]
    96 | D:5      | Reached XP level 2. HP: 7/24 MP: 2/2
   114 | D:5      | Noticed an ogre
   353 | D:3      | Gained mutation: You regenerate a little health from kills.
                  | [demonic ancestry]
   353 | D:3      | Reached XP level 3. HP: 29/29 MP: 3/3
   365 | D:3      | Found a sacrificial altar of Ru.
   365 | D:3      | Found an ancient bone altar of Kikubaaqudgha.
   368 | D:3      | Found a sparkling altar of Nemelex Xobeh.
   433 | D:3      | Found a faded altar of an unknown god.
   437 | D:3      | Got Plato's Treatise on the Barrage
   486 | D:3      | Found Fetam's Assorted Antiques.
   494 | D:3      | Bought a bubbling purple potion for 22 gold pieces
   494 | D:3      | Bought an amethyst potion for 22 gold pieces
   517 | D:3      | Reached XP level 4. HP: 32/35 MP: 4/4
   579 | D:3      | Found Irchetebu's Magic Scroll Shop.
  1667 | D:2      | Found Muokkupu's Book Emporium.
  1981 | D:3      | Bought a scroll of identify for 26 gold pieces
  1981 | D:3      | Bought a scroll of noise for 13 gold pieces
  1981 | D:3      | Bought a scroll of teleportation for 39 gold pieces
  2087 | D:3      | Found Ydweufull's Distillery.
  2096 | D:3      | Bought a potion of degeneration for 14 gold pieces
  2140 | D:3      | Found Oqibbyoj's Armour Emporium.
  2162 | D:3      | Found Retyzae's Magic Scroll Emporium.
  2173 | D:3      | Reached XP level 5. HP: 37/42 MP: 5/5
  2432 | D:4      | Reached skill level 1 in Throwing
  2592 | D:3      | Reached XP level 6. HP: 37/48 MP: 6/6
  4127 | D:5      | Reached XP level 7. HP: 52/55 MP: 7/7
  4127 | D:5      | Found an ornate altar of the Wu Jian Council.
  4213 | D:5      | Mangled by an ogre

Illustrated notes

Levels and vault maps discovered:
D:1:      nicolae_arrival_memento_mori, layout_basic, minmay_heptomino_o4
D:2:      layout_rooms, serial_shops, shop_statue
D:3:      layout_basic, nicolae_overflow_hidden_temple, serial_shops,
          nicolae_square_shop, nicolae_shop_crystal,
          nicolae_shop_hallway_stairs, nicolae_shop_waterfront,
          nicolae_shop_trees, shapermc_ecumenical_altar_rom_forum
D:4:      layout_rooms, hangedman_decor_peaks_small
D:5:      layout_basic, mainiacjoe_overflow_catwalk, hangedman_decor_lopped

Skill      XL: |  1  2  3  4  5  6  7 |
---------------+----------------------+-----
Armour         | 1 2 3 |  3.0
Dodging        | 2 3 |  3.6
Evocations     | 1 2 3 |  3.3
Throwing       | 1 2 |  2.3
Fighting       | 4 |  4.7
Axes           | |  0.8
Polearms       | |  1.7
Stealth        | |  4.5

Action                   |  1- 3 |  4- 6 |  7- 9 || total
-------------------------+-------+-------+-------++-------
Melee: Spear             |    32 |       |       ||    32
       War axe           |     7 |    40 |    21 ||    68
       Flail             |       |   110 |       ||   110
       Punch             |       |     5 |       ||     5
Throw: Dart              |       |    19 |       ||    19
  Use: Potion            |     1 |       |       ||     1
       Scroll            |     1 |     1 |       ||     2
Armor: Chain mail        |    10 |    89 |     5 ||   104
Dodge: Dodged            |     8 |    87 |    14 ||   109

Table legend: (Time is in decaauts)
 A = Elapsed time spent in this place.
 B = Non-inter-level travel time spent in this place.
 C = Inter-level travel time spent in this place.
 D = Time resting spent in this place.
 E = Time spent auto-exploring this place.
 F = Levels seen in this place.
 G = Mean time per level.
                   A        B        C        D        E       F      G
               +--------+--------+--------+--------+--------+-----+--------+
         Total |   4269 |   4084 |    185 |    556 |   2635 |   5 |  853.8 |
       Dungeon |   4269 |   4084 |    185 |    556 |   2635 |   5 |  853.8 |
               +--------+--------+--------+--------+--------+-----+--------+

Top non-repeatable levels by time:
     D:3: 1480 daAuts
     D:4: 1083 daAuts
     D:1: 859 daAuts
     D:2: 503 daAuts
     D:5: 343 daAuts
